 Dungeon Crawl Stone Soup version 0.23.2 (webtiles) character file.

Game seed: 14767093802383758144

345 Menchi the Skirmisher (level 6, -6/56 HPs)
             Began as a Ghoul Fighter on Apr 6, 2019.
             Mangled by Menkaure (14 damage)
             ... on level 4 of the Dungeon.
             The game lasted 00:06:54 (2692 turns).

Menchi the Skirmisher (Ghoul Fighter)               Turns: 2692, Time: 00:06:55

Health: -6/56      AC:  9    Str: 21    XL:     6   Next: 58%
Magic:  5/5        EV: 10    Int:  4    God:
Gold:   284        SH:  0    Dex:  8    Spells: 5/5 levels left

rFire    . . .     SeeInvis .   h - +2 spear (venom)
rCold    + . .     Gourm    .   (no shield)
rNeg     + + +     Faith    .   b - +0 scale mail
rPois    ∞         Spirit   .   (no helmet)
rElec    .         Reflect  .   (no cloak)
rCorr    .         Harm     .   r - +2 pair of gloves
MR       +....                  (no boots)
Stlth    +.........             q - amulet of the acrobat
HPRegen  0.00/turn              k - ring of protection from magic
MPRegen  0.09/turn              c - ring of stealth

@: rotting
A: rotting body, claws 1, carnivore, cold resistance 1, negative energy
resistance 3, inhibited regeneration, torment resistance, unbreathing
a: no special abilities


You were on level 4 of the Dungeon.
You were not hungry.

You visited 1 branch of the dungeon, and saw 4 of its levels.

You collected 284 gold pieces.

Inventory:

Hand Weapons
 a - a +0 long sword
 h - a +2 spear of venom (weapon)
Armour
 b - a +0 scale mail (worn)
 r - a +2 pair of gloves (worn)
Jewellery
 c - a ring of stealth (right hand)
 k - a ring of protection from magic (left hand)
 p - an uncursed ring of magical power
 q - an amulet of the acrobat (around neck)
Scrolls
 i - a scroll of noise
 l - 5 scrolls of identify
 s - a scroll of remove curse
Potions
 e - a potion of berserk rage
 j - a potion of degeneration {unknown}
 n - 2 potions of magic {unknown}
 o - 2 potions of heal wounds {unknown}
 t - a potion of lignification {unknown}
 w - a potion of curing {unknown}
Comestibles
 f - 7 rations


   Skills:
 * Level 5.3 Fighting
 * Level 4.2 Long Blades
 - Level 2.6 Armour
 * Level 2.4 Dodging
   Level 2.6 Shields


You had 5 spell levels left.
You didn't know any spells.
Your spell library contained the following spells:

 Spells                   Type           Power        Failure   Level  Hunger
 Sticks to Snakes         Tmut           #.......     93%         2    ###....
 Beastly Appendage        Tmut           Unusable     N/A         1    N/A
 Spider Form              Tmut/Pois      Unusable     N/A         3    N/A
 Ice Form                 Ice/Tmut       Unusable     N/A         4    N/A
 Blade Hands              Tmut           Unusable     N/A         5    N/A

Dungeon Overview and Level Annotations

Branches:
Dungeon (4/15)
 Temple: D:4-7

Altars:
Cheibriados
Elyvilon
Hepliaklqana
Wu Jian
The Shining One

Annotations:
D:4 Menkaure


Innate Abilities, Weirdness & Mutations

Your body is rotting away.
You thrive on raw meat.
You are immune to poison.
You have sharp fingernails.
You are carnivorous and can eat meat at any time.
Your flesh is cold resistant. (rC+)
You are immune to negative energy. (rN+++)
You do not regenerate when monsters are visible.
You are immune to unholy pain and torment.
You can survive without breathing.


Message History

Menkaure is severely damaged.
Menkaure hits you!!
You are too injured to fight recklessly!
You are too injured to fight recklessly!
You are too injured to fight recklessly!
Eat one of 2 chunks of flesh? (ye/n/q)
You eat one of the 2 chunks of flesh.
This raw flesh tastes great!
Menkaure gestures wildly while chanting.
Menkaure seems to speed up.
Eat a chunk of flesh? (ye/n/q)
You eat the chunk of flesh.
This raw flesh tastes great!
Menkaure hits you!
You hit Menkaure.
Menkaure is almost destroyed.
Menkaure rustles in an indecipherable tongue.
Menkaure hits you!!
* * * LOW HITPOINT WARNING * * *
You hit Menkaure.
Menkaure is almost destroyed.
Menkaure closely misses you. Menkaure hits you!
You die...

# ### .# #### ###8###
..# ...# #._._.# ...#
.### ##..§######....#
.########≈.§# #?@M....#
.......###'####.#>#...#
.#####..........#.# ##
.............)....#
..########...###### #÷#
#.#...# #.### #.###.#
#...######.# ..>
###.#......# ##..(


You could see Menkaure.

Vanquished Creatures
  Sigmund (D:2)
  An iguana (D:4)
  A worker ant (D:4)
  5 adders
  An ooze (D:1)
  An adder skeleton (D:4)
  A dart slug (D:1)
  A leopard gecko (D:1)
  7 orcs
  A ball python (D:4)
  7 bats
  2 giant cockroaches
  10 goblins
  10 hobgoblins
  6 jackals
  5 kobolds
  2 quokkas
  5 frilled lizards
  A quokka skeleton (D:4)
  7 rats
75 creatures vanquished.

Vanquished Creatures (others)
  A plant (D:4)
  4 toadstools (D:1)
5 creatures vanquished.

Grand Total: 80 creatures vanquished

Notes
Turn   | Place    | Note
-------+----------+-------------------------------------------
     0 | D:1      | Menchi the Ghoul Fighter began the quest for the Orb.
     0 | D:1      | Reached XP level 1. HP: 19/19 MP: 0/0
   225 | D:1      | Reached XP level 2. HP: 16/27 MP: 1/1
   610 | D:1      | Reached skill level 4 in Fighting
   627 | D:1      | Reached XP level 3. HP: 32/32 MP: 2/2
   942 | D:2      | Reached skill level 1 in Dodging
   976 | D:2      | Noticed Sigmund
   980 | D:2      | Killed Sigmund
   980 | D:2      | Reached XP level 4. HP: 37/41 MP: 3/3
   980 | D:2      | Reached XP level 5. HP: 42/47 MP: 4/4
  1029 | D:2      | You fall through a shaft!
  1162 | D:3      | Reached skill level 5 in Fighting
  1230 | D:3      | Reached XP level 6. HP: 46/56 MP: 5/5
  1564 | D:2      | Found an ornate altar of the Wu Jian Council.
  2296 | D:4      | Found a glowing golden altar of the Shining One.
  2381 | D:4      | Found a white marble altar of Elyvilon.
  2664 | D:4      | Found a snail-covered altar of Cheibriados.
  2665 | D:4      | Found a hazy altar of Hepliaklqana.
  2678 | D:4      | Noticed Menkaure
  2692 | D:4      | Mangled by Menkaure

Skill      XL: |  1  2  3  4  5  6 |
---------------+-------------------+-----
Long Blades    | 2 3 4 |  4.2
Fighting       | 4 5 |  5.3
Dodging        | 1 2 |  2.4
Armour         | |  2.6
Shields        | |  2.6

Action                   |  1- 3 |  4- 6 || total
-------------------------+-------+-------++-------
Melee: Long sword        |    64 |       ||    64
       Spear             |    23 |   153 ||   176
  Use: Potion            |     1 |       ||     1
       Scroll            |       |     9 ||     9
  Eat: Chunk             |     9 |    11 ||    20
Armor: Scale mail        |    49 |    44 ||    93
Dodge: Dodged            |    62 |    66 ||   128
       Rpst.: Long sword |    16 |       ||    16
